 Dungeon Crawl Stone Soup version 0.26-a0-215-g1b87330c0f (webtiles) character file.

Game seed: 8571178213160451002

113500 MrRokkomies the Bewitcher (level 16, -10/98 HPs)
             Began as a Vampire Enchanter on July 6, 2020.
             Was the Champion of Dithmenos.
             Shot with a bolt by a naga sharpshooter (18 damage)
             ... led by Vashnia
             ... on level 2 of the Snake Pit.
             The game lasted 01:50:19 (30185 turns).

MrRokkomies the Bewitcher (Vampire Enchanter)      Turns: 30185, Time: 01:50:22

Health: -10/98     AC: 14    Str: 11    XL:     16   Next: 14%
Magic:  16/25      EV: 20    Int: 19    God:    Dithmenos [******]
Gold:   968        SH:  6    Dex: 19    Spells: 5/27 levels left

rFire    + . .     SeeInvis +   a - +8 arc blade {discharge, rElec}
rCold    + + .     Faith    .   R - +0 buckler
rNeg     + + +     Spirit   .   C - +1 ring mail "Xidaipim" {*Slow rF+ Slay+2}
rPois    ∞         Reflect  .   L - +1 helmet of Umiujio {Slay+5}
rElec    +         Harm     .   h - +0 cloak
rCorr    .                      M - +2 pair of gloves {Dex+3}
MR       ++...                  n - +1 pair of boots
Stlth    ++++++++++             f - amulet of the acrobat
HPRegen  0.00/turn              b - +4 ring of evasion
MPRegen  0.19/turn              K - ring of protection from magic

@: bloodless, slowed, wreathed by umbra, constricted, very slow
A: no food, fangs 3, see invisible, unbreathing
a: Bat Form, Revivify, Shadow Step, Shadow Form, Renounce Religion


You were on level 2 of the Snake Pit.
You worshipped Dithmenos.
Dithmenos was exalted by your worship.
You were bloodless.

You visited 4 branches of the dungeon, and saw 25 of its levels.
You also visited: Gauntlet and Ice Cave.

You collected 2333 gold pieces.
You spent 1365 gold pieces at shops.

Inventory:

Hand Weapons
 a - the +8 arc blade (weapon) {discharge, rElec}
   (You found it on level 13 of the Dungeon)

   It insulates you from electricity.
 O - the +6 demon trident "Yvatuc" {protect, *Noise rPois rN+++ MP+9}
   (You found it in an ice cave)

   It grants its wielder temporary protection when it strikes (+7 to AC).
   It protects you from poison.
   It renders you almost immune to negative energy.
   It affects your magic capacity (+9).
   It may make noises in combat.
Missiles
 e - 71 poisoned darts (quivered)
 F - 7 curare-tipped darts
 J - 20 javelins
 U - 3 atropa-tipped darts
Armour
 h - a +0 cloak (worn)
 n - a +1 pair of boots (worn)
 C - the +1 ring mail "Xidaipim" (worn) {*Slow rF+ Slay+2}
   (You found it on level 14 of the Dungeon)

   It affects your accuracy and damage with ranged weapons and melee attacks
   (+2).
   It protects you from fire.
   It may slow you when you take damage.
 L - the +1 helmet of Umiujio (worn) {Slay+5}
   (You found it in a Gauntlet)

   It affects your accuracy and damage with ranged weapons and melee attacks
   (+5).
 M - a +2 pair of gloves of dexterity (worn)
 Q - the +4 scale mail of Sandy Music {+Blink MR- Str+2}
   (You found it on level 6 of the Lair of Beasts)

   It affects your strength (+2).
   It affects your resistance to hostile enchantments.
   It lets you blink.
 R - a +0 buckler (worn)
Jewellery
 b - a +4 ring of evasion (left hand)
 f - an amulet of the acrobat (around neck)
 l - an uncursed ring of positive energy
 v - an uncursed ring of fire
 K - a ring of protection from magic (right hand)
Wands
 o - a wand of acid (12)
 t - a wand of disintegration (32)
 u - a wand of iceblast (29)
 w - a wand of flame (31)
 A - a wand of clouds (9)
 D - a wand of polymorph (27)
 P - a wand of digging (5)
 Y - a wand of paralysis (8)
Scrolls
 j - 14 scrolls of remove curse
 k - 7 scrolls of enchant armour
 r - 5 scrolls of amnesia
 s - 4 scrolls of teleportation
 y - 3 scrolls of enchant weapon
 B - 4 scrolls of identify
 H - 3 scrolls of immolation
 I - 3 scrolls of fog
 T - a scroll of fear
 X - a scroll of brand weapon
Potions
 c - 3 potions of cancellation
 g - a potion of heal wounds
 i - 5 potions of might
 m - 14 potions of curing
 q - a potion of invisibility
 x - 2 potions of haste
 z - 4 potions of stabbing
 E - 2 potions of mutation
 G - 3 potions of ambrosia
 N - 3 potions of brilliance
 S - a potion of lignification
 V - 2 potions of magic
 W - 3 potions of flight
Miscellaneous
 p - 2 boxes of beasts


   Skills:
 - Level 10.4 Fighting
 * Level 11.4 Short Blades
 + Level 12.1 Dodging
 - Level 14.0 Stealth
 - Level 4.0 Shields
 + Level 6.2 Spellcasting
 - Level 6.0 Conjurations
 - Level 15.0 Hexes
 * Level 9.2 Summonings
 - Level 8.0 Invocations
 + Level 7.4 Evocations


You had 5 spell levels left.
You knew the following spells:

 Your Spells              Type           Power        Failure   Level
a - Dazzling Flash        Conj/Hex       #####.       1%          3
b - Ensorcelled Hibernat  Hex/Ice        ####..       1%          2
c - Confusing Touch       Hex            ######..     1%          3
d - Tukima's Dance        Hex            ######..     1%          3
e - Summon Forest         Summ/Tloc      ###.......   73%         5
f - Summon Mana Viper     Hex/Summ       ######..     4%          5
g - Summon Butterflies    Summ           #####...     1%          1

Your spell library contained the following spells:

 Spells                   Type           Power        Failure   Level
 Corona                   Hex            ######.      1%          1
 Call Canine Familiar     Summ           #####...     1%          3
 Magic Dart               Conj           ####         2%          1
 Searing Ray              Conj           ####..       3%          2
 Fulminant Prism          Conj/Hex       #####.....   3%          4
 Stone Arrow              Conj/Erth      ###...       24%         3
 Apportation              Tloc           #.....       26%         1
 Summon Ice Beast         Ice/Summ       ###.....     36%         4
 Corpse Rot               Necr/Air       N/A          38%         2
 Iskenderun's Mystic Bla  Conj/Tloc      ###.....     61%         4
 Lesser Beckoning         Tloc           #.........   63%         3
 Irradiate                Conj/Tmut      ###.......   91%         5
 Iskenderun's Battlesphe  Conj/Chrm      ###.....     91%         5
 Bolt of Magma            Conj/Fire/Erth ##........   97%         5
 Alistair's Intoxication  Tmut/Pois      #.......     100%        5
 Invisibility             Hex            ######..     9%          6
 Summon Hydra             Summ           #####.....   99%         7
 Eringya's Noxious Bog    Tmut/Pois      #.........   100%        6
 Hydra Form               Tmut           #.........   100%        6
 Iron Shot                Conj/Erth      ###.......   100%        6
 Statue Form              Tmut/Erth      #........    100%        6
 Dragon Form              Tmut           #.........   100%        7
 Orb of Destruction       Conj           ####......   100%        7
 Spellforged Servitor     Conj/Summ      ####......   100%        7


Dungeon Overview and Level Annotations

Branches:
Dungeon (15/15)            Temple (0/1) D:6            Lair (6/6) D:10
 Shoals (0/4) Lair:3        Snake (2/4) Lair:4        Slime (0/5) Lair:6
    Orc (2/2) D:10            Elf (0/3) Orc:2        Vaults (0/5) D:14
 Depths (0/5) D:15          IceCv (visited)         Gauntlet (visited)

Altars:
Cheibriados
Dithmenos
Hepliaklqana
Kikubaaqudgha
Makhleb
Nemelex Xobeh
Qazlal
Ru
Sif Muna
Trog
Uskayaw
Wu Jian
Xom
Yredelemnul
Beogh

Shops:
D:8 }   D:11 !   Orc:1 [   Orc:2 :?%

Portals:
Pandemonium: Orc:2

Annotations:
D:4 2 runed translucent doors
Snake:2 Vashnia


Innate Abilities, Weirdness & Mutations

You do not eat.
You do not regenerate when monsters are visible.
You are frail without blood (-20% HP).
You can heal yourself when you bite living creatures.
You are immune to poison.
You have razor-sharp teeth.
You have supernaturally acute eyesight. (SInv)
You can survive without breathing.


Message History

The naga warrior hits you with a +0 battleaxe!
* * * LOW HITPOINT WARNING * * *
x2 The naga warrior constricts you.
You block the naga mage's attack.
The naga sharpshooter gestures wildly while chanting.
The naga sharpshooter magically shoots a bolt.
You block the bolt.
You feel much better. The naga mage completely misses you.
Vashnia spits poison at you.
The splash of poison hits you but does no damage.
You resist.
The naga warrior hits you with a +0 battleaxe!
* * * LOW HITPOINT WARNING * * *
You emit a cloud of dark smoke.
* * * LOW HITPOINT WARNING * * *
The naga warrior constricts you.
The naga mage hits you but does no damage.
The naga sharpshooter gestures wildly while chanting.
The naga sharpshooter magically shoots a bolt.
The bolt hits you!!
You die...

....# ##... #..... ...
... ..... ..#.....##...
....
.............$....##....
....................N.#.
.##.......(..#..#.N.....
.##...##......(.........
.......#.......§NN§.....
..#......(.....§@N......
...#..........(##§.....#
..........)...###N...##.
#.............#...N###
##....>..).(.........
.#..........)........
##+###################


You could see Vashnia (blind, catching breath), a naga warrior, 2 naga
sharpshooters, a salamander (fleeing) and 2 naga magi.

Vanquished Creatures
  Frances (D:14)
  Aizul (Snake:2)
  An ironheart preserver (D:14)
  A minotaur (Gauntlet)
  A dire elephant (Lair:1)
  Snorg (Lair:3)
  A green death (Gauntlet)
  Josephine (Lair:4)
  4 naga warriors (Snake:1)
  7 hydras
  4 two-headed ogres
  2 catoblepae
  An ogre mage (Orc:1)
  9 death yaks
  A deep troll shaman (Lair:6)
  7 orc high priests
  2 naga sharpshooters
  Sonja (Lair:1)
  5 skeletal warriors
  A sixfirhy (Orc:2)
  3 unseen horrors
  A gelid demonspawn (Orc:2)
  An infernal demonspawn (Orc:2)
  A deep troll (Orc:1)
  A torturous demonspawn (Orc:2)
  4 orc knights
  A lindwurm (Lair:6)
  A mana viper (Snake:1)
  10 ugly things
  2 oklob plants (Lair:4)
  6 orc sorcerers
  4 cyclopes
  2 manticores
  8 salamanders
  7 elephants
  A guardian serpent (Snake:1)
  Joseph (D:8)
  3 ice statues
  10 cane toads
  13 black mambas
  2 torpor snails (Lair:5)
  2 gargoyles (D:12)
  6 naga magi
  Maggie (D:8)
  3 rime drakes
  An orange demon (Gauntlet)
  18 ice devils
  A komodo dragon (shapeshifter) (D:15)
  4 komodo dragons
  A hellwing (Orc:2)
  3 trolls
  A hornet (D:10)
  2 polar bears (Lair:6)
  Grinder (D:3)
  A raiju (shapeshifter) (D:15)
  9 slime creatures
  9 dream sheep (Lair:5)
  11 hippogriffs
  7 blink frogs
  A snapping turtle (Lair:3)
  A ynoxinul (Orc:2)
  2 shadows
  A human (D:7)
  Eustachio (D:6)
  36 yaks
  A water elemental (D:12)
  4 wraiths
  3 wyverns
  4 hogs (D:7)
  4 hungry ghosts
  4 fire bats (D:13)
  2 steam dragons (D:6)
  3 basilisks
  A chaos spawn (Orc:2)
  8 wargs (Orc:1)
  2 large abominations (Gauntlet)
  9 nagas
  A soldier ant (D:13)
  12 water moccasins
  3 small abominations (Gauntlet)
  An acid dragon (D:15)
  A hell hound (D:13)
  8 porcupines
  36 orc warriors
  A meliai simulacrum (D:15)
  2 sky beasts
  3 ice beasts
  6 phantoms
  3 eyes of draining
  2 eyes of draining (shapeshifter)
  7 ogres
  A black bear (D:8)
  A necrophage (D:10)
  4 boggarts (D:15)
  9 wolves
  5 centaurs
  13 crocodiles
  2 big kobolds
  16 bullfrogs
  3 wyvern zombies
  A water moccasin zombie (D:5)
  2 wyvern skeletons
  5 scorpions
  2 troll zombies (D:10)
  A wight (D:14)
  22 killer bees
  8 electric eels
  7 howler monkeys
  2 vampire bats (D:5)
  A quasit (D:9)
  7 hounds
  2 lava snakes (D:13)
  3 centaur zombies
  A bullfrog zombie (D:13)
  9 jellies
  20 orc wizards
  23 orc priests
  4 bullfrog skeletons
  7 centaur skeletons
  Jessica (D:2)
  An iguana (D:10)
  16 worker ants
  6 ogre zombies (D:10)
  5 hound zombies
  A hound skeleton (D:5)
  A worker ant zombie (D:7)
  3 gnolls (D:6)
  16 adders
  A howler monkey skeleton (D:4)
  3 shadow imps
  8 white imps
  17 ufetubi
  6 oozes
  An adder zombie (D:7)
  2 adder skeletons (D:5)
  2 worms
  2 dart slugs
  3 leopard geckos (D:4)
  91 orcs
  3 bat skeletons (D:5)
  2 bat zombies (D:5)
  8 giant cockroaches
  2 gnoll zombies (D:5)
  3 goblins
  6 hobgoblins
  6 jackals (D:8)
  4 quokkas
  3 ball pythons (D:3)
  10 bats
  5 frilled lizards
  5 goblin zombies (D:10)
  3 hobgoblin zombies (D:10)
  A jackal zombie (D:6)
  21 kobolds
  A leopard gecko skeleton (D:5)
  4 orc skeletons (D:10)
  13 orc zombies (D:10)
  A quokka skeleton (D:5)
  2 rats
  2 fire vortices (D:13)
  A plant (Lair:4)
861 creatures vanquished.

Vanquished Creatures (collateral kills)
  An orc high priest (Orc:2)
  2 orc knights (Orc:2)
  Sigmund (D:5)
  An orc warrior (Orc:2)
  3 ogres
  A bullfrog (D:14)
  A gnoll (D:6)
  An orc (Orc:2)
11 creatures vanquished.

Vanquished Creatures (others)
  A blizzard demon (IceCv)
  3 dancing weapons (Orc:2)
  2 blink frogs (Lair:6)
  A shadow imp (D:6)
  2 white imps (IceCv)
  2 ufetubi (IceCv)
  2 jackals (D:6)
  A fire vortex (D:13)
  3 fungi (Lair:5)
  4 plants
  6 toadstools (Lair:1)
27 creatures vanquished.

Grand Total: 899 creatures vanquished

Notes
Turn   | Place    | Note
-------+----------+-------------------------------------------
     0 | D:1      | MrRokkomies the Vampire Enchanter began the quest for the
                  | Orb.
     0 | D:1      | Reached XP level 1. HP: 13/13 MP: 3/3
   248 | D:1      | Reached XP level 2. HP: 8/19 MP: 5/5
   252 | D:1      | Learned a level 2 spell: Ensorcelled Hibernation
   697 | D:1      | Reached skill level 5 in Hexes
   864 | D:2      | Reached XP level 3. HP: 24/24 MP: 6/6
   869 | D:2      | Learned a level 3 spell: Confusing Touch
   956 | D:2      | Found a hide-covered altar of Uskayaw.
  1033 | D:2      | Found a burning altar of Makhleb.
  1101 | D:2      | Reached skill level 5 in Stealth
  1105 | D:2      | Noticed Jessica
  1114 | D:2      | Killed Jessica
  1121 | D:2      | Identified Jessica's Collected Works on Hexes
  1189 | D:2      | Found a snail-covered altar of Cheibriados.
  1217 | D:2      | Found a shadowy altar of Dithmenos.
  1309 | D:2      | Reached XP level 4. HP: 30/30 MP: 7/7
  1583 | D:2      | Became a worshipper of Dithmenos the Shadowed
  1607 | D:3      | Found a stormy altar of Qazlal.
  1811 | D:3      | Noticed Grinder
  1898 | D:3      | Killed Grinder
  1898 | D:3      | Reached skill level 6 in Hexes
  1898 | D:3      | Reached XP level 5. HP: 14/35 MP: 5/8
  1898 | D:3      | Reached XP level 6. HP: 17/41 MP: 5/9
  2212 | D:3      | Found a hazy altar of Hepliaklqana.
  2219 | D:3      | Found a shimmering altar of Xom.
  2220 | D:3      | Noticed a spectral ugly thing
  2238 | D:3      | Found a bloodstained altar of Trog.
  2426 | D:4      | Reached * piety under Dithmenos
  2449 | D:4      | Found a sacrificial altar of Ru.
  2452 | D:4      | Reached skill level 7 in Hexes
  2653 | D:4      | Reached XP level 7. HP: 46/46 MP: 10/10
  2658 | D:4      | Learned a level 3 spell: Tukima's Dance
  2933 | D:4      | Found a large runed translucent door.
  2933 | D:4      | Found a large runed translucent door.
  2943 | D:4      | Found a large runed translucent door.
  2943 | D:4      | Found a large runed translucent door.
  3257 | D:4      | Reached skill level 5 in Short Blades
  3259 | D:4      | Reached skill level 8 in Hexes
  3273 | D:4      | Noticed a hungry ghost
  3299 | D:4      | Killed a hungry ghost
  3548 | D:5      | Entered Level 5 of the Dungeon
  3665 | D:5      | Found an ancient bone altar of Kikubaaqudgha.
  3681 | D:5      | Reached XP level 8. HP: 50/52 MP: 11/11
  3685 | D:5      | Reached ** piety under Dithmenos
  3721 | D:5      | Reached skill level 9 in Hexes
  3738 | D:5      | Noticed Sigmund
  3744 | D:5      | Killed Sigmund
  3911 | D:5      | Learned a level 3 spell: Dazzling Flash
  4003 | D:5      | Found a sparkling altar of Nemelex Xobeh.
  4144 | D:5      | Found a basalt altar of Yredelemnul.
  4253 | D:5      | Reached skill level 5 in Dodging
  4394 | D:5      | Reached skill level 10 in Hexes
  4949 | D:6      | Reached XP level 9. HP: 31/57 MP: 1/12
  5112 | D:6      | Found a staircase to the Ecumenical Temple.
  5207 | D:6      | Noticed Eustachio
  5210 | D:6      | Killed Eustachio
  5280 | D:6      | Found an ornate altar of the Wu Jian Council.
  5442 | D:7      | Reached skill level 11 in Hexes
  5443 | D:7      | Reached *** piety under Dithmenos
  5947 | D:7      | Reached skill level 10 in Stealth
  5947 | D:7      | Reached skill level 12 in Hexes
  5952 | D:7      | Reached XP level 10. HP: 48/63 MP: 4/13
  6525 | D:8      | Noticed Maggie
  6537 | D:8      | Killed Maggie
  6608 | D:8      | Found Laxt's Gadget Shop.
  6632 | D:8      | Noticed a manticore
  6669 | D:8      | Killed a manticore
  6685 | D:8      | Reached **** piety under Dithmenos
  6688 | D:8      | Reached skill level 13 in Hexes
  6801 | D:8      | Noticed Joseph
  6996 | D:8      | Killed Joseph
  6996 | D:8      | Reached skill level 10 in Short Blades
  7341 | D:8      | Reached skill level 1 in Fighting
  7850 | D:9      | Found a shimmering blue altar of Sif Muna.
  7994 | D:9      | Reached skill level 14 in Hexes
  8068 | D:9      | Reached XP level 11. HP: 38/75 MP: 2/14
  8525 | D:10     | Entered Level 10 of the Dungeon
  8550 | D:10     | Got an encrusted leather armour
  8561 | D:10     | Identified the cursed +1 leather armour "Baq Mug" {+Inv rF-
                  | MR+ Dex+3} (You found it on level 10 of the Dungeon)
  8847 | D:10     | Found a staircase to the Orcish Mines.
  8938 | D:10     | Reached ***** piety under Dithmenos
  9144 | D:10     | Found a staircase to the Lair.
  9223 | D:10     | Noticed a brown ugly thing
  9230 | D:10     | Killed a brown ugly thing
  9531 | D:10     | Found a roughly hewn altar of Beogh.
  9684 | Lair:1   | Entered Level 1 of the Lair of Beasts
  9793 | Lair:1   | Noticed a seven-headed hydra
  9816 | Lair:1   | Killed a seven-headed hydra
  9816 | Lair:1   | Reached skill level 15 in Hexes
  9867 | Lair:1   | Reached skill level 5 in Fighting
  9948 | Lair:1   | Noticed a catoblepas
  9948 | Lair:1   | Noticed a dire elephant
  9970 | Lair:1   | Found a runed translucent door.
 10199 | Lair:1   | Reached skill level 1 in Conjurations
 10646 | Lair:1   | Noticed Sonja
 10652 | Lair:1   | Killed Sonja
 11684 | Lair:2   | Reached XP level 12. HP: 74/88 MP: 15/15
 12035 | Lair:2   | Reached ****** piety under Dithmenos
 12659 | Lair:3   | Noticed Snorg
 12667 | Lair:3   | Killed Snorg
 12725 | Lair:3   | Found a gate leading to a gauntlet.
 12742 | Gauntlet | Entered a Gauntlet
 12742 | Gauntlet | Found a large runed translucent door.
 12742 | Gauntlet | Found a large runed translucent door.
 12742 | Gauntlet | Found a large runed translucent door.
 12742 | Gauntlet | Found a large runed translucent door.
 12742 | Gauntlet | Found a runed translucent door.
 12742 | Gauntlet | Found a large runed translucent door.
 12742 | Gauntlet | Found a large runed translucent door.
 12742 | Gauntlet | Found a transporter.
 12742 | Gauntlet | Found a transporter.
 12742 | Gauntlet | Found a large runed translucent door.
 12742 | Gauntlet | Found a large runed translucent door.
 12742 | Gauntlet | Found a runed translucent gate.
 12742 | Gauntlet | Found a runed translucent gate.
 12742 | Gauntlet | Found a transporter.
 12742 | Gauntlet | Noticed a tengu warrior
 12743 | Gauntlet | Found a runed translucent door.
 12743 | Gauntlet | Found a runed translucent gate.
 12746 | Gauntlet | Found a transporter.
 12751 | Gauntlet | Found a large runed translucent door.
 12751 | Gauntlet | Found a large runed translucent door.
 12755 | Gauntlet | Noticed a green death
 12756 | Gauntlet | Found a transporter.
 12768 | Gauntlet | Noticed a minotaur
 12788 | Gauntlet | Found a large runed translucent door.
 12788 | Gauntlet | Found a large runed translucent door.
 12791 | Gauntlet | Found a large runed translucent door.
 12791 | Gauntlet | Found a large runed translucent door.
 12792 | Gauntlet | Found a large runed translucent door.
 12793 | Gauntlet | Found a large runed translucent door.
 12822 | Gauntlet | Found a transporter.
 12837 | Gauntlet | Found a transporter.
 12847 | Gauntlet | Found a transporter.
 12857 | Gauntlet | Found a transporter.
 12872 | Gauntlet | Found a transporter.
 12878 | Gauntlet | Found a transporter.
 12899 | Gauntlet | Found a transporter.
 13058 | Gauntlet | Got a jewelled helmet
 13069 | Gauntlet | Identified the +1 helmet of Umiujio {Slay+5} (You found it
                  | in a Gauntlet)
 13135 | Gauntlet | Killed a green death
 13169 | Gauntlet | Identified the +1 falchion of Classification {vorpal, MR++}
 13182 | Gauntlet | Killed a minotaur
 13462 | Lair:3   | Found a staircase to the Shoals.
 13952 | Lair:4   | Found a staircase to the Snake Pit.
 14127 | Lair:4   | Identified the cursed +0 chain mail of the Swan {Int+7
                  | Dex-5 Slay+2 SInv} (You found it on level 4 of the Lair of
                  | Beasts)
 14271 | Lair:4   | Reached skill level 5 in Conjurations
 14666 | Lair:4   | Noticed Josephine
 14671 | Lair:4   | Killed Josephine
 14982 | Lair:5   | Noticed a seven-headed hydra
 15191 | Lair:5   | Reached skill level 10 in Dodging
 15251 | Lair:5   | Killed a seven-headed hydra
 15420 | Lair:5   | Reached skill level 1 in Evocations
 15498 | Lair:5   | Reached XP level 13. HP: 93/99 MP: 12/16
 16165 | Lair:6   | Entered Level 6 of the Lair of Beasts
 16316 | Lair:5   | Reached skill level 1 in Shields
 16416 | Lair:5   | Learned a level 5 spell: Summon Forest
 16473 | Lair:5   | Reached skill level 1 in Invocations
 17408 | Lair:6   | Reached skill level 10 in Fighting
 18005 | Lair:6   | Reached XP level 14. HP: 110/110 MP: 17/17
 18034 | Lair:6   | Reached skill level 5 in Invocations
 18105 | Lair:6   | Got a scorched scale mail
 18191 | Lair:6   | Found a staircase to the Slime Pits.
 18365 | Lair:6   | Identified the +4 scale mail of Sandy Music {+Blink MR-
                  | Str+2} (You found it on level 6 of the Lair of Beasts)
 18628 | Orc:1    | Entered Level 1 of the Orcish Mines
 18766 | Orc:1    | Found Reacenoq's Armour Emporium.
 18798 | Orc:1    | Reached skill level 1 in Summonings
 19590 | Orc:2    | Entered Level 2 of the Orcish Mines
 19622 | Orc:2    | Found a staircase to the Elven Halls.
 19697 | Orc:2    | Found Zaca's Food Shoppe.
 19712 | Orc:2    | Reached skill level 5 in Evocations
 19764 | Orc:2    | Found Ohasuoge's Magic Scroll Emporium.
 20178 | Orc:2    | Found a roughly hewn altar of Beogh.
 20647 | Orc:2    | Paralysed by an orc sorcerer for 3 turns
 21264 | Orc:2    | Reached skill level 5 in Summonings
 21280 | Orc:2    | Paralysed by an orc sorcerer for 5 turns
 21444 | Orc:2    | Found Ysoeruco's Antique Armour Shop.
 21444 | Orc:2    | Found Heffiod's Book Boutique.
 21444 | Orc:2    | Found a one-way gate leading to the halls of Pandemonium.
 21448 | Orc:2    | Bought a book of Beasts for 715 gold pieces
 21448 | Orc:2    | Bought a book of Party Tricks for 650 gold pieces
 21656 | Orc:2    | Found a roughly hewn altar of Beogh.
 21910 | D:11     | Found Toraohy's Distillery.
 23402 | D:12     | Reached XP level 15. HP: 70/117 MP: 14/20
 24831 | D:13     | Found the +8 arc blade {discharge, rElec}
 25208 | D:14     | Noticed Frances
 25214 | D:14     | Killed Frances
 25405 | D:14     | Identified the +1 ring mail "Xidaipim" {*Slow rF+ Slay+2}
                  | (You found it on level 14 of the Dungeon)
 25465 | D:14     | Found a gate to the Vaults.
 26466 | D:15     | Entered Level 15 of the Dungeon
 26478 | D:15     | Reached skill level 5 in Spellcasting
 27063 | D:15     | Found a staircase to the Depths.
 27243 | Lair:1   | Learned a level 5 spell: Summon Mana Viper
 27245 | Lair:1   | Learned a level 1 spell: Summon Butterflies
 28089 | Snake:1  | Entered Level 1 of the Snake Pit
 28775 | Snake:1  | Identified the +0 robe of Negligence {rC+ Int+3} (You found
                  | it on level 1 of the Snake Pit)
 28926 | Snake:2  | Found a frozen archway.
 28990 | Snake:2  | Noticed Aizul
 28995 | Snake:2  | Killed Aizul
 28995 | Snake:2  | Reached XP level 16. HP: 98/98 MP: 20/25
 29007 | IceCv    | Entered an ice cave
 29837 | IceCv    | Got a crude demon trident
 29838 | IceCv    | Identified the +6 demon trident "Yvatuc" {protect, *Noise
                  | rPois rN+++ MP+9} (You found it in an ice cave)
 30169 | Snake:2  | Noticed Vashnia
 30185 | Snake:2  | Shot with a bolt by a naga sharpshooter

Illustrated notes

Levels and vault maps discovered:
D:1:      lemuel_arrival_cross, layout_basic, chequers_serial_rivers_micro_b,
          serial_park_tiny_pond
D:2:      layout_loops_cross, lemuel_coloured_pillars_altar,
          nicolae_overflow_crystal_walls, nicolae_overflow_hidden_temple,
          overflow_temple_1_default, kennysheep_jessica_study
D:3:      layout_loops_ring, regret_index_temple_of_mockery, marbit_many_paths,
          bloody_trog, first_ration, st_stairs_3, minmay_cut_off, uniq_grinder
D:4:      layout_basic, nicolae_ru_sacrificial_ziggurat,
          minmay_hollow_rounded_squares
D:5:      kennysheep_windowed_halls, layout_loops_ring,
          nemelex_xobeh_ov_fountains_minmay, kennysheep_vampire_church,
          lemuel_zombie_altar_yredelemnul, uniq_sigmund
D:6:      cheibrodos_steamvent, layout_loops_ring, lemuel_crystal_altar,
          minmay_temple_entry_stoned_glass, wad_floor_pattern_1, uniq_eustachio
D:7:      layout_rooms, grunt_livestock
D:8:      layout_cave_pods, serial_shops, kennysheep_mini_moat, uniq_maggie,
          uniq_joseph
D:9:      layout_irregular_city, basic_altar, grunt_ministairs_6
D:10:     layout_roguey, david_lair_shrubbed, zombieorc2_lemuel, special_room
          [special_room_orc]
D:11:     layout_basic, serial_shops, shop
D:12:     layout_basic, serial_corexii_hall, chequers_hall_statues_wall_a,
          corexii_hall_statues_i
D:13:     layout_gridville, grunt_decor_cap, hangedman_incinerator
D:14:     cheibrodos_frozen_isle, layout_basic,
          skrybe_vaults_entry_preservation, hangedman_abyss_or_decor_clamps,
          uniq_frances
D:15:     gammafunk_enter_depths_forms, layout_rooms
Lair:1:   gammafunk_lair_enchanted_lake, layout_layer_cave,
          nicolae_lair_grove_arrangements, uniq_sonja
Lair:2:   layout_misc_corridors, grunt_megastairs_5
Lair:3:   layout_cave_pods, minmay_shoals_entry_hut, gauntlet_entry_generic,
          chequers_serial_rivers_room_a, uniq_snorg
Lair:4:   layout_cave_pods, guppyfry_snake_entry_garden, st_stairs_8,
          serial_bayou_shore_b, minmay_lair_oklob_chamber, uniq_josephine
Lair:5:   layout_regular_city
Lair:6:   grunt_lair_end_beastmaster, layout_loops_ring,
          nicolae_slime_entry_slimehenge, infiniplex_staircase_pool_2
Snake:1:  kennysheep_six_static_rooms, layout_misc_corridors, drop_trap,
          grunt_ministairs_14, abandoned_shop, st_stairs_13
Snake:2:  hangedman_cross_veins, layout_onion_interference,
          portal_ice_cave_entry_pillars_2, st_stairs_3, hangedman_snake_pattern,
          minmay_shop_grove, uniq_aizul, uniq_vashnia
Orc:1:    cheibrodos_orc_guarddog, layout_caves, guppyfry_orc_lava_fort
Orc:2:    pf_orc_diabolical, layout_diamond_mine, hangedman_feature_mirror

Skill      XL: |  1  2  3  4  5  6  7  8  9 10 11 12 13 14 15 16 |
---------------+-------------------------------------------------+-----
Hexes          | 5 6 7 8 10 12 14 15 | 15.0
Short Blades   | 2 3 4 5 7 9 10 11 | 11.4
Stealth        | 5 6 7 8 10 11 12 14 | 14.0
Dodging        | 3 4 5 6 7 9 10 11 12 | 12.1
Fighting       | 3 6 8 10 | 10.4
Conjurations   | 2 5 6 |  6.0
Evocations     | 1 4 5 7 |  7.4
Shields        | 3 4 |  4.0
Invocations    | 4 7 8 |  8.0
Summonings     | 6 8 9 |  9.2
Spellcasting   | 3 6 |  6.2

Action                   |  1- 3 |  4- 6 |  7- 9 | 10-12 | 13-15 | 16-18 || total
-------------------------+-------+-------+-------+-------+-------+-------++-------
Melee: Dagger            |    63 |    82 |   364 |  1033 |  1232 |       ||  2774
       Bite              |    10 |     8 |    29 |   128 |   214 |    19 ||   408
       Rapier            |       |       |       |       |   269 |   100 ||   369
Throw: Dart              |     5 |       |     4 |    10 |    76 |       ||    95
 Cast: Confusing Touch   |       |     3 |     4 |    23 |    36 |       ||    66
       Tukima's Dance    |       |       |     3 |     2 |    15 |       ||    20
       Dazzling Flash    |       |       |     7 |    24 |    70 |     6 ||   107
       Ensorcelled Hiber |       |       |     2 |    19 |       |       ||    21
       Corona            |       |       |     1 |       |       |       ||     1
       Summon Butterflie |       |       |       |       |     4 |       ||     4
Invok: Shadow Step       |       |       |       |     3 |     6 |     3 ||    12
 Abil: Exsanguinate      |       |       |       |     1 |     1 |       ||     2
       Revivify          |       |       |       |     1 |       |       ||     1
       Evoke Blink       |       |       |       |       |     9 |       ||     9
Evoke: Wand              |       |       |       |    10 |     6 |       ||    16
  Use: Scroll            |     2 |     2 |     8 |    19 |    11 |     2 ||    44
       Potion            |       |       |       |       |     6 |     4 ||    10
 Stab: Sleeping          |    13 |    14 |    39 |    64 |    97 |    10 ||   237
       Distracted        |       |     3 |     2 |       |    11 |     1 ||    17
       Confused          |       |     3 |     2 |    19 |    34 |       ||    58
       Invisible         |       |       |     8 |    19 |    52 |     6 ||    85
       Petrified         |       |       |       |       |     2 |       ||     2
Armor: Robe              |    11 |     6 |    22 |       |       |       ||    39
       Steam dragon scal |       |       |    21 |   112 |    39 |       ||   172
       Scale mail        |       |       |       |       |   162 |       ||   162
       Ring mail         |       |       |       |       |     1 |    15 ||    16
Dodge: Dodged            |    44 |    33 |   283 |   631 |   744 |    71 ||  1806
Block: Buckler           |       |       |       |       |   209 |    20 ||   229

Table legend:
 A = Non-vault XP
 B = Vault XP
 C = Vault XP percentage of total XP
 D = Non-vault monster count
 E = Vault monster count
 F = Vault count percentage of total count
                 A         B        C        D         E       F
            +---------+---------+-------+---------+---------+-------
      Total |   83605 |   78539 |  48.4 |     546 |     323 |  37.2
            +---------+---------+-------+---------+---------+-------
        D:1 |      35 |       0 |   0.0 |      22 |       0 |   0.0
        D:2 |      25 |      39 |  60.9 |      12 |       2 |  14.3
        D:3 |      31 |     298 |  90.6 |      16 |       7 |  30.4
        D:4 |     377 |     471 |  55.5 |      19 |       9 |  32.1
        D:5 |     362 |     711 |  66.3 |      17 |      23 |  57.5
        D:6 |     879 |     570 |  39.3 |      25 |       3 |  10.7
        D:7 |     990 |     994 |  50.1 |      18 |       5 |  21.7
        D:8 |    1972 |     855 |  30.2 |      37 |       2 |   5.1
        D:9 |    2363 |      25 |   1.0 |      22 |       2 |   8.3
       D:10 |    2364 |    1327 |  36.0 |      26 |      53 |  67.1
       D:11 |    5242 |       0 |   0.0 |      15 |       0 |   0.0
       D:12 |    9477 |       0 |   0.0 |      44 |       0 |   0.0
       D:13 |    3631 |     996 |  21.5 |      36 |       7 |  16.3
       D:14 |    3301 |    8237 |  71.4 |      14 |      23 |  62.2
       D:15 |    3100 |    4089 |  56.9 |      17 |      12 |  41.4
     Lair:1 |    2237 |    6210 |  73.5 |      13 |      12 |  48.0
     Lair:2 |    4129 |     761 |  15.6 |      23 |       4 |  14.8
     Lair:3 |    1525 |    1367 |  47.3 |       8 |       2 |  20.0
     Lair:4 |     819 |    4198 |  83.7 |       7 |       9 |  56.2
     Lair:5 |   12043 |     853 |   6.6 |      36 |       1 |   2.7
     Lair:6 |    9345 |    8319 |  47.1 |      22 |      22 |  50.0
    Snake:1 |   10890 |    4591 |  29.7 |      22 |       9 |  29.0
    Snake:2 |    3442 |    2592 |  43.0 |       9 |       2 |  18.2
      Orc:1 |    2635 |    6796 |  72.1 |      23 |      16 |  41.0
      Orc:2 |    2391 |   15485 |  86.6 |      43 |      61 |  58.7
      IceCv |       0 |    5327 | 100.0 |       0 |      29 | 100.0
   Gauntlet |       0 |    3428 | 100.0 |       0 |       8 | 100.0
            +---------+---------+-------+---------+---------+-------
